AoeStats
← MeLoveXbox

Arabia

509120289Analyzed
1v1 RM · 8d ago on Sep 25, 2026· 25m 39s· 2 players
Game mode
Random Map
Map size
Tiny (2 player)
Population
200
Speed
Normal
Resources
Standard
Victory
Conquest
Starting age
Dark Age
Ending age
Imperial Age
RankedLock teamsTeams togetherTeam positionsShared explorationLock speedFull tech treeHidden civsTurbo modeCheats
Victory
Defeat
🇺🇸 Mongols · United States
2153
+17
🇨🇳 Magyars · China
2170
-17
MeLoveXbox
4:55 Loom
9:50 Feudal Age
10:36 Double-Bit Axe
10:58 Horse Collar
15:37 Wheelbarrow
16:24 Forging
16:49 Bloodlines
16:45 Scale Barding Armor
16:51 Town Watch
21:34 Castle Age
19:57 Fletching
21:05 Gold Mining
22:30 Bow Saw
22:26 Bodkin Arrow
24:40 Ballistics
24:55 Padded Archer Armor
25:42 Gold Shaft Mining
Zionic
6:28 Loom
8:58 Feudal Age
13:23 Town Watch
20:44 Castle Age
19:23 Horse Collar
20:05 Bloodlines
21:31 Husbandry
24:16 Fletching
25:33 Bodkin Arrow
Connection lost

Rejoining the realm…

Still unreachable

The connection could not be restored.

Session expired

The server has moved on; the page needs a fresh start.